 Dungeon Crawl Stone Soup version 0.15.2 (webtiles) character file.

807372 bullock the Devastator (level 27, -2/161 HPs)
             Began as a Gargoyle Wizard on Nov 27, 2014.
             Was the Champion of Vehumet.
             Slain by a greater mummy (6 damage)
             ... on Level 15 of a ziggurat on Nov 28, 2014.
             The game lasted 11:26:47 (98438 turns).

bullock the Devastator (Gargoyle Wizard)           Turns: 98438, Time: 11:26:48

HP  -2/161       AC 40     Str 18      XL: 27
MP   0/55        EV  2     Int 29 (36) God: Vehumet [******]
Gold 8125        SH  0     Dex 12      Spells: 15 memorised,  0 levels left

rFire  + + +     SeeInvis +     w - +7 scimitar of the Hummingbird {speed, +Inv rElec rF++ rN+ Int+2}
rCold  x . .     Clarity  +     p - +4 moon troll leather armour {Spirit, MP+5 Regen}
rNeg   + + +     rCorr    .     N - +8 large shield "Qokhit" {Stlth+}
rPois  +         rRot     +     O - +0 hat of Compression {MR++ Stlth+}
rElec  +         Spirit   +     R - +0 cloak of Starlight {rElec rC+ EV+4 Stlth-}
SustAb .         Warding  .     i - +3 pair of gauntlets of War {Slay+5}
rMut   .         Stasis   .     K - +2 pair of boots {+Jump} (curse)
Gourm  .                        k - cursed amulet "Rotwa" {Clar Dex+3 Int+3}
MR     +++++                    U - cursed ring "Chuqajop" {rN+ Str+4 Dex+1 Regen}
                                q - cursed ring of Surprise {rF+ MP+9 SInv}

@: immune to fire clouds, very slightly contaminated, regenerating, slowed, lost
dexterity, studying Axes, repel missiles, very slow, almost entirely resistant
to hostile enchantments, extremely unstealthy
A: able to fly continuously, big wings, fangs 1, horns 2, iridescent scales 1,
frail 1, magic resistance 2, negative energy resistance 1, sense surroundings 1,
electricity resistance, spit poison 1, strong 1, unbreathing, petrification
resistance, rot immunity, AC +20
a: Spit Poison, Fly, Renounce Religion, Evoke Invisibility, Evoke Jump Attack
}: 6/15 runes: serpentine, barnacled, slimy, silver, golden, abyssal


You were on level 15 of a ziggurat.
You worshipped Vehumet.
Vehumet was exalted by your worship.
You were not hungry.

You visited 13 branches of the dungeon, and saw 64 of its levels.
You visited Pandemonium 2 times, and saw 7 of its levels.
You visited the Abyss 1 time.
You visited 1 Ziggurat, and saw 15 of its levels.
You also visited: Trove, Ice Cave and Volcano.

You collected 11452 gold pieces.
You spent 3327 gold pieces at shops.

Inventory:

Hand weapons
 w - the cursed +7 scimitar of the Hummingbird (weapon) {speed, +Inv rElec rF++ rN+ Int+2}
   (You took it off a deep elf demonologist on level 3 of the Elven Halls)

   Attacks with this weapon are significantly faster.
   It affects your intelligence (+2).
   It greatly protects you from fire.
   It insulates you from electricity.
   It protects you from negative energy.
   It lets you turn invisible.
   It has a curse placed upon it.
Armour
 i - the cursed +3 pair of gauntlets of War (worn) {Slay+5}
   (You acquired it on level 2 of the Lair of Beasts)

   It affects your accuracy and damage with ranged weapons and melee attacks
   (+5).
   It has a curse placed upon it.
 p - the cursed +4 moon troll leather armour (worn) {Spirit, MP+5 Regen}
   (You found it on level 12 of the Dungeon)

   It affects your magic capacity (+5).
   It increases your rate of regeneration.
   It has a curse placed upon it.
 v - a cursed +5 shield of protection
 K - a cursed +2 pair of boots of jumping (worn)
 N - the cursed +8 large shield "Qokhit" (worn) {Stlth+}
   (You found it on level 14 of a ziggurat)

   It makes you more stealthy.
   It has a curse placed upon it.
 O - the cursed +0 hat of Compression (worn) {MR++ Stlth+}
   (You acquired it on level 2 of the Lair of Beasts)

   It affects your resistance to hostile enchantments.
   It makes you more stealthy.
   It has a curse placed upon it.
 R - the cursed +0 cloak of Starlight (worn) {rElec rC+ EV+4 Stlth-}
   (You found it on level 5 of the Shoals)

   It affects your evasion (+4).
   It protects you from cold.
   It insulates you from electricity.
   It makes you less stealthy.
   It has a curse placed upon it.
Magical devices
 g - a wand of cold (10)
 r - a wand of draining (5)
 y - a wand of heal wounds (3)
 J - a wand of draining (5)
 T - a wand of fire (5)
 X - a wand of digging (16)
 Z - a wand of teleportation (6)
Comestibles
 d - 17 bread rations
 L - 2 meat rations
 M - 18 fruits
Scrolls
 a - 5 scrolls of fear
 j - 5 scrolls of summoning
 n - a scroll of acquirement
 o - 5 scrolls of blinking
 s - 16 scrolls of teleportation
 x - 20 scrolls of remove curse
 E - a scroll of identify
 I - 10 scrolls of magic mapping
Jewellery
 b - a cursed amulet of resist mutation
 k - the cursed amulet "Rotwa" (around neck) {Clar Dex+3 Int+3}
   (You found it on level 12 of the Dungeon)

   [amulet of clarity]

   It provides mental clarity.
   It affects your intelligence (+3).
   It affects your dexterity (+3).
   It has a curse placed upon it.
 q - the cursed ring of Surprise (left hand) {rF+ MP+9 SInv}
   (You found it in an ice cave)

   [ring of magical power]

   It protects you from fire.
   It affects your magic capacity (+9).
   It enhances your eyesight.
   It has a curse placed upon it.
 Q - a cursed ring of sustain abilities
 U - the cursed ring "Chuqajop" (right hand) {rN+ Str+4 Dex+1 Regen}
   (You found it on level 3 of the Crypt)

   [ring of regeneration]

   It affects your strength (+4).
   It affects your dexterity (+1).
   It protects you from negative energy.
   It increases your rate of regeneration.
   It has a curse placed upon it.
Potions
 e - 3 potions of cancellation
 f - 12 potions of heal wounds
 h - 8 potions of restore abilities
 m - 5 potions of cure mutation
 z - 8 potions of resistance
 A - 5 potions of invisibility
 B - 24 potions of curing
 C - 7 potions of berserk rage
 G - 6 potions of haste
 S - 2 potions of magic
Books
 t - a Grand Grimoire {highlevel, unknown}

   Spells                             Type                      Level
   Aura of Abjuration                 Summoning                    6
   Forceful Dismissal                 Summoning                    6
   Summon Greater Demon               Summoning                    7
   Malign Gateway                     Summoning/Translocation      7
   Summon Horrible Things             Summoning                    8
 u - a Grand Grimoire {highlevel, unknown}

   Spells                             Type                      Level
   Aura of Abjuration                 Summoning                    6
   Forceful Dismissal                 Summoning                    6
   Summon Greater Demon               Summoning                    7
   Malign Gateway                     Summoning/Translocation      7
   Summon Horrible Things             Summoning                    8
 Y - a manual of Axes
Miscellaneous
 c - a fan of gales (inert)
 l - a lamp of fire (inert)
 D - a lamp of fire
 F - a sack of spiders
 H - a lamp of fire
 P - a sack of spiders
 V - a lamp of fire
 W - a disc of storms


   Skills:
 - Level 20.1 Fighting
 - Level 1.5 Dodging
 - Level 7.3 Stealth
 - Level 18.2 Shields
 + Level 21.7 Spellcasting
 + Level 25.1 Conjurations
 - Level 12.0 Charms
 + Level 10.1 Summonings
 - Level 5.2 Necromancy
 - Level 5.1 Translocations
 * Level 23.7 Fire Magic
 - Level 20.0 Earth Magic
 - Level 10.0 Evocations


You couldn't memorise any spells.
You knew the following spells:

 Your Spells              Type           Power        Failure   Level  Hunger
a - Lehudib's Crystal Sp  Conj/Erth      ########..   1%          8    #####..
b - Animate Dead          Necr           N/A          2%          4    None
c - Regeneration          Chrm/Necr      ######....   1%          3    None
d - Haste                 Chrm           #######.     2%          6    None
e - Fireball              Conj/Fire      ########..   0%          5    None
f - Ring of Flames        Chrm/Fire      ########..   1%          7    ###....
g - Apportation           Tloc           ######....   1%          1    None
h - Summon Butterflies    Summ           ######..     1%          1    None
q - Blink                 Tloc           N/A          1%          2    None
r - Fire Storm            Conj/Fire      ########..   4%          9    ######.
s - Control Teleport      Chrm/Tloc      ######....   1%          4    None
v - Repel Missiles        Chrm/Air       ######       1%          2    None
w - Spellforged Servitor  Conj/Summ      #######...   1%          7    ###....
x - Shadow Creatures      Summ           N/A          1%          5    None
z - Bolt of Magma         Conj/Fire/Erth ########..   0%          5    None


Dungeon Overview and Level Annotations

Branches:
Dungeon (15/15)            Temple (1/1) D:5             Orc (4/4) D:11
    Elf (3/3) Orc:3          Lair (8/8) D:9          Shoals (5/5) Lair:3
  Snake (5/5) Lair:6        Slime (6/6) Lair:8       Vaults (5/5) D:13
  Crypt (3/3) Vaults:2       Tomb (3/3) Crypt:3      Depths (5/5) D:15
   Hell (1/1)                 Dis (0/7) Hell            Geh (0/7) Hell
    Coc (0/7) Hell            Tar (0/7) Hell            Zot (0/5) Depths:5

Altars:
Ashenzari
Cheibriados
Dithmenos
Elyvilon
Fedhas
Kikubaaqudgha
Makhleb
Nemelex Xobeh
Okawaru
Qazlal
Sif Muna
Trog
Vehumet
Xom
Yredelemnul
Zin
The Shining One
Beogh
Jiyva

Shops:
D:9 }   D:12 =   Orc:4 *(*?   Elf:1 ?   Elf:2 ?   Elf:3 }   Snake:2 %(::[
Vaults:1 %   Vaults:3 :   Vaults:4 %   Vaults:5 [}   Depths:1 :*?%
Depths:5 *=

Portals:
Hell: Depths:1 Depths:2 Depths:3 Depths:4 Depths:5
Abyss: Depths:3 Depths:4 Depths:5
Pandemonium: Depths:3

Annotations:
Elf:3 Saint Roka


Innate Abilities, Weirdness & Mutations

You are resistant to torment.
You are immune to poison.
You can fly continuously.
Your stone body is very resilient (AC +20).
Your wings are large and strong.
You resist negative energy.
You are resistant to electric shocks.
You can survive without breathing.
You are immune to petrification.
You are immune to rotting.
You are immune to clouds of flame.
You have very sharp teeth.
You have a pair of horns on your head.
You are partially covered in iridescent scales (AC +4).
You are frail (-10% HP).
You are highly resistant to hostile enchantments.
You passively map a small area around you.
You can spit poison.
Your muscles are strong. (Str +2)


Message History

You feel much better.
This wand has 3 charges left.
The iron imp disappears in a puff of smoke! x2
The wraith is engulfed in roaring flames.
You destroy the wraith!
The flayed ghost is engulfed in roaring flames.
The flayed ghost hits you!!
* * * LOW HITPOINT WARNING * * *
The red devil hits you from afar with a trident.
* * * LOW HITPOINT WARNING * * *
The greater mummy is engulfed in roaring flames.
The greater mummy hits you but does no damage.
The orange demon stings you from afar.
* * * LOW HITPOINT WARNING * * *
The red devil hits you but does no damage.
The flayed ghost is engulfed in roaring flames.
The flayed ghost hits you.
* * * LOW HITPOINT WARNING * * *
The greater mummy is engulfed in roaring flames.
The greater mummy hits you.
You die...

▓▓▓▓▓▓▓▓▓▓▓
▓▓W§§§.......
▓▓.W§@§.......
▓▓..4W§M.......
▓▓..M444.......
▓▓......M#...#.. ,
*
▓▓..3............
,
▓.§..............M
▓▓§§...........§.§
▓▓.§...§§#...#§M§
▓▓4............,


You could see 2 greater mummies, a soul eater, a flayed ghost, an orange demon,
a hellwing, a freezing wraith, a hungry ghost, 2 red devils and a mummy.

Vanquished Creatures
  the royal jelly (Slime:6)
  Khufu (Crypt:2)
  3 ancient liches
  34 greater mummies
  3 pandemonium lords
  Margery (Crypt:1)
  Norris (Snake:4)
  3 Killer Klowns (Zig:8)
  Mennas (Vaults:2)
  4 golden dragons
  Geryon (Hell)
  Jory (Depths:3)
  A profane servitor (Zig:9)
  2 Brimstone Fiends
  A bone dragon (Crypt:3)
  3 Hell Sentinels
  5 tentacled monstrosities
  2 Ice Fiends
  Vashnia (Snake:4)
  3 deep elf blademasters
  2 tentacled starspawn (Abyss:4)
  3 deep elf master archers
  9 titans
  17 acid blobs
  9 liches
  A kraken (Shoals:2)
  3 quicksilver dragons (Vaults:5)
  2 Shadow Fiends (Zig:14)
  10 sphinxes
  6 Executioners
  An octopode crusher (Depths:3)
  5 ancient champions
  Rupert (Shoals:2)
  Agnes (Vaults:2)
  5 storm dragons
  Frances (Snake:1)
  3 tengu reavers
  3 daevas (Pan)
  12 fire giants
  6 shadow dragons
  Roxanne (D:15)
  11 azure jellies (Slime:6)
  4 corrupters
  Ilsuiw (Shoals:5)
  3 revenants (Zig:9)
  10 frost giants
  2 draconian scorchers
  Donald (Orc:4)
  Wiglaf (Snake:5)
  4 chaos champions
  18 greater nagas
  18 vault wardens
  2 iron dragons
  2 draconian knights
  6 deep elf sorcerers
  Aizul (Snake:5)
  Louise (Snake:1)
  2 draconian zealots
  3 cacodemons (Pan)
  4 balrugs
  3 emperor scorpions
  Gastronok (D:11)
  An angel (Pan)
  11 reapers
  Jorgrun (Shoals:2)
  5 draconian annihilators
  2 blood saints
  13 deep elf demonologists
  20 very ugly things
  3 salamander firebrands (Hell)
  12 stone giants
  7 war gargoyles
  7 vampire knights
  3 curse skulls
  A draconian shifter (Depths:2)
  A black draconian (Depths:5)
  12 deep elf annihilators
  7 dire elephants
  2 purple draconians (Depths:5)
  A lorocyproca (Hell)
  A red draconian (Zig:7)
  2 white draconians
  4 black suns
  4 eidola
  A pale draconian (Depths:5)
  2 green deaths
  7 blizzard demons
  4 crystal guardians
  5 death oozes
  9 deep elf death magi
  5 merfolk javelineers
  37 mummy priests
  6 ettins
  3 fire dragons
  A minotaur (Depths:1)
  A quicksilver dragon zombie (Crypt:3)
  6 great orbs of eyes
  13 jiangshi
  8 merfolk impalers
  28 vault guards (Vaults:5)
  15 yaktaur captains
  20 ironheart preservers
  9 deep elf high priests
  7 hydras
  Fannar (Orc:3)
  Harold (D:10)
  26 naga warriors
  A ravenous feature mimic (Depths:4)
  16 ogre magi
  2 quicksilver dragon skeletons (Crypt:2)
  Nessos (D:12)
  A spriggan air mage (Depths:5)
  3 monstrous demonspawn (Pan)
  18 ice dragons
  A shambling mangrove (Zig:14)
  Erica (Lair:1)
  4 sirens
  3 alligator snapping turtles
  7 merfolk aquamancers
  An anaconda (shapeshifter) (Vaults:5)
  3 rakshasas
  A ravenous item mimic (Vaults:5)
  10 deep troll shamans
  A death knight (Crypt:1)
  9 anacondas
  2 satyrs
  5 dancing weapons (Crypt:3)
  4 vampire magi
  7 centaur warriors
  39 death yaks
  4 ghost crabs
  9 orc high priests (Orc:4)
  2 tengu warriors (D:15)
  9 deep troll earth magi
  2 titan zombies (Crypt:3)
  3 spriggan berserkers
  A spectral storm dragon (Tomb:1)
  6 hell hogs
  A thrashing horror (Abyss:4)
  A catoblepas (shapeshifter) (Vaults:5)
  13 shock serpents
  A fire crab (shapeshifter) (Elf:1)
  5 catoblepae
  Nergalle (D:11)
  29 naga sharpshooters
  2 salamander mystics
  Erolcha (D:13)
  18 hell knights
  6 sun demons
  2 wretched stars (Abyss:4)
  8 ice devils
  40 skeletal warriors
  An unseen horror (shapeshifter) (Vaults:2)
  27 deep elf knights
  15 soul eaters
  A titan skeleton (Crypt:1)
  14 large abominations
  37 deep trolls
  3 shadow wraiths
  4 infernal demonspawn (Pan)
  A storm dragon skeleton (Zig:15)
  A fire crab (Vaults:2)
  A spatial maelstrom (Abyss:4)
  2 giant orange brains
  14 sea snakes
  19 ironbrand convokers
  17 deep elf summoners
  A gelid demonspawn (Pan)
  6 hellions
  2 shadow demons (Zig:14)
  3 unseen horrors
  5 ice statues
  5 wizards
  10 naga ritualists
  A shadow dragon zombie (Hell)
  17 necromancers
  2 lindwurms (shapeshifter)
  8 hill giants
  Pikel (D:8)
  2 flayed ghosts
  4 lindwurms (Depths:2)
  6 putrid demonspawn (Pan)
  2 dwarf zombies
  2 golden dragon skeletons
  2 anaconda skeletons (Crypt:3)
  An iron dragon zombie (Crypt:3)
  39 ugly things
  An orc sorcerer (Elf:3)
  21 deep elf conjurers
  4 torturous demonspawn (Pan)
  A wolf spider zombie (Crypt:2)
  A draconian zombie (Depths:2)
  5 wolf spiders
  16 harpies
  15 fauns
  9 phantasmal warriors
  3 shining eyes (Slime:6)
  13 mana vipers
  A stone giant zombie (Depths:1)
  5 hell beasts
  2 frost giant zombies
  A moth of wrath (shapeshifter) (Zig:8)
  11 orc knights
  3 red wasps
  7 cyclopes
  14 manticores
  A worldbinder (Abyss:4)
  39 slime creatures
  An elephant (shapeshifter) (Vaults:4)
  15 sixfirhies
  3 water nymphs
  10 salamanders
  15 griffons
  13 mermaids
  A centaur zombie (D:13)
  12 elephants
  10 guardian serpents
  Maurice (D:8)
  A stone giant skeleton (Tomb:3)
  2 apocalypse crabs (Zig:8)
  3 frost giant skeletons
  An air elemental (Zig:15)
  A drowned soul (Shoals:5)
  58 black mambas
  An item mimic (Lair:3)
  5 fire giant skeletons
  An emperor scorpion zombie (Tomb:1)
  10 orange demons
  12 vault sentinels
  An eye of devastation (Slime:6)
  A dire elephant skeleton (Crypt:1)
  2 orange crystal statues
  74 yaktaurs
  A shock serpent skeleton (Crypt:3)
  A spriggan zombie (Zig:10)
  2 guardian serpents (shapeshifter)
  21 naga magi
  3 torpor snails
  An elf zombie (Vaults:5)
  12 smoke demons
  3 gargoyles
  12 spiny frogs
  An eye of devastation (shapeshifter) (Depths:3)
  A demonic crawler (Pan)
  6 iron devils
  An iron troll zombie (Depths:1)
  7 fire drakes
  3 tormentors
  A fire drake (shapeshifter) (Elf:2)
  9 komodo dragons
  122 guardian mummies
  3 kobold demonologists
  7 trolls
  4 ancient zymes (Abyss:4)
  12 red devils
  2 efreet
  A spectral harpy (Crypt:1)
  A tengu conjurer (D:15)
  18 deep elf priests
  A golden dragon simulacrum (Crypt:1)
  A merfolk (shapeshifter) (Zig:8)
  3 yaktaur skeletons
  31 two-headed ogres
  20 blue devils
  13 freezing wraiths
  A silent spectre (Crypt:2)
  2 hydra zombies
  Sonja (Orc:3)
  A giant leech (shapeshifter) (Vaults:5)
  2 jumping spiders
  A polar bear (Lair:8)
  13 hellwings
  39 merfolk
  4 ravens (D:15)
  11 human zombies
  2 wind drakes (shapeshifter)
  3 hydra skeletons
  A death drake zombie (Crypt:1)
  7 boulder beetles
  2 wind drakes
  A raiju (shapeshifter) (D:14)
  A fire vortex (Tomb:1)
  4 human simulacra
  19 raiju
  A harpy skeleton (Crypt:1)
  11 snapping turtles
  A trapdoor spider zombie (D:12)
  2 ravens (shapeshifter)
  An ettin zombie (Depths:1)
  An alligator zombie (Hell)
  2 griffon zombies
  A guardian serpent zombie (Crypt:2)
  12 wraiths
  A spriggan (D:14)
  A shock serpent simulacrum (Crypt:2)
  2 blink frogs (shapeshifter)
  9 vampires
  4 ynoxinuls (Pan)
  2 fire giant simulacra (Crypt:2)
  An ice dragon skeleton (Zig:3)
  2 basilisks (Zig:12)
  A fire dragon skeleton (Hell)
  A trapdoor spider (shapeshifter) (Vaults:3)
  21 blink frogs
  63 yaks
  A hill giant zombie (Depths:1)
  A tarantella (Depths:5)
  A black mamba zombie (Tomb:1)
  An elf skeleton (Zig:15)
  2 alligator skeletons
  An ettin skeleton (Crypt:3)
  67 flying skulls
  3 redbacks
  3 fire bats
  2 fire elementals (Hell)
  4 wyverns
  23 shadows
  7 neqoxecs
  22 water elementals
  Grum (D:10)
  14 vampire mosquitoes
  6 hungry ghosts
  34 deep elf magi
  51 deep elf fighters
  A hog (shapeshifter) (Vaults:4)
  A hill giant skeleton (D:9)
  2 golden eyes (Slime:2)
  A golden eye (shapeshifter) (Vaults:5)
  10 chaos spawn
  Edmund (D:5)
  22 hippogriffs
  2 hydra simulacra (Hell)
  7 hell hounds
  14 wargs
  17 wolves
  2 spatial vortices (Abyss:4)
  A harpy simulacrum (Crypt:2)
  2 tengu zombies
  2 spiny frog zombies (Hell)
  8 porcupines
  A mottled dragon (Vaults:1)
  69 nagas
  33 water moccasins
  A merfolk skeleton (Crypt:3)
  A raven skeleton (Crypt:2)
  A yellow wasp (D:10)
  A spiny frog skeleton (Hell)
  An ettin simulacrum (Zig:5)
  A swamp drake (Depths:2)
  36 orc warriors
  2 sky beasts
  4 small abominations (Abyss:4)
  12 ice beasts
  2 fire dragon simulacra
  4 phantoms
  A snapping turtle zombie (Tomb:3)
  A mermaid zombie (Crypt:1)
  An ice dragon simulacrum (Hell)
  64 ogres
  6 human skeletons
  A crocodile (shapeshifter) (Vaults:3)
  A big kobold (D:13)
  6 boring beetles
  19 centaurs
  3 manticore skeletons
  9 lost souls
  13 necrophages
  A snapping turtle skeleton (Crypt:3)
  18 crocodiles
  3 boggarts (Depths:2)
  An earth elemental (Abyss:4)
  19 giant frogs
  A warg zombie (Vaults:2)
  6 scorpions
  3 cyclops skeletons
  A wyvern skeleton (D:13)
  A boulder beetle zombie (D:15)
  An eye of draining (shapeshifter) (Depths:4)
  A yak zombie (D:11)
  5 eyes of draining
  24 wights
  3 troll zombies (D:11)
  2 tengu skeletons
  19 killer bees
  A spiny frog simulacrum (Hell)
  A spriggan skeleton (Crypt:2)
  A spectral centaur (Tomb:1)
  8 crimson imps
  A wolf skeleton (Crypt:2)
  3 electric eels
  A giant frog zombie (D:13)
  A lava snake (Lair:4)
  A yellow wasp zombie (Crypt:2)
  A basilisk zombie (D:15)
  14 starcursed masses (Abyss:4)
  A gnoll shaman (D:5)
  22 jellies
  Crazy Yiuf (D:5)
  3 quasits
  12 hounds
  3 giant frog skeletons
  13 iron imps
  23 orc wizards
  10 worker ants
  42 orc priests
  An elf simulacrum (Vaults:2)
  4 iguanas
  10 orange rats
  A lightning spire (Zig:15)
  25 sheep
  Ijyb (D:2)
  6 ogre zombies
  A mottled dragon zombie (D:12)
  A crocodile skeleton (Crypt:1)
  A necrophage skeleton (Crypt:3)
  An ogre skeleton (D:5)
  69 mummies
  An orange rat zombie (Hell)
  9 gnolls
  69 green rats
  A swamp drake zombie (Crypt:1)
  30 adders
  4 shadow imps
  22 white imps
  A giant mite (D:6)
  9 ufetubi
  A worm (shapeshifter) (Vaults:2)
  19 orc zombies
  An electric eel zombie (D:11)
  An adder skeleton (D:6)
  194 orcs
  4 ball pythons
  20 bats
  2 bat skeletons
  A bat zombie (Crypt:2)
  4 giant cockroaches
  18 goblins
  21 hobgoblins
  12 quokkas
  6 giant geckos
  A giant gecko skeleton (D:5)
  5 giant newts
  2 giant spores
  3 goblin skeletons
  3 goblin zombies
  2 hobgoblin skeletons (D:11)
  4 hobgoblin zombies (D:11)
  11 jackals
  19 kobolds
  A kobold skeleton (Crypt:3)
  2 orc skeletons
  17 rats
  A rat skeleton (D:4)
  A rat zombie (Crypt:2)
  4 spectral orcs (D:11)
  4 ballistomycetes
  2 crawling corpses (Elf:3)
  3 fungi
  A grand avatar (Pan)
  A plant (Shoals:2)
  3 starspawn tentacles
  A tentacle (Shoals:2)
3757 creatures vanquished.

Vanquished Creatures (collateral kills)
  5 greater mummies
  2 golden dragons
  Nikola (Vaults:1)
  An acid blob (Zig:6)
  A storm dragon (Depths:3)
  A sphinx (Vaults:3)
  An ancient champion (Tomb:2)
  A draconian monk (Depths:5)
  2 tengu reavers
  3 greater nagas (Snake:5)
  2 balrugs (Pan)
  A frost giant (Depths:3)
  A vault warden (Vaults:5)
  2 fire giants
  An emperor scorpion (Depths:2)
  A war gargoyle (Vaults:5)
  A blood saint (Pan)
  2 stone giants
  A reaper (Zig:15)
  A dire elephant (Depths:2)
  A red draconian (Depths:5)
  A deep elf death mage (Vaults:5)
  2 ettins
  2 fire dragons
  A merfolk javelineer (Depths:3)
  A vault guard (Vaults:5)
  2 ironheart preservers (Vaults:5)
  A blizzard demon (Pan)
  2 mummy priests
  A great orb of eyes (Vaults:2)
  3 yaktaur captains
  5 ogre magi
  11 naga warriors
  2 ice dragons
  3 anacondas (Snake:5)
  A centaur warrior (Vaults:1)
  A dancing weapon (Vaults:5)
  3 death yaks
  A death yak (shapeshifter) (Vaults:5)
  A deep troll earth mage (Depths:2)
  A death knight (Crypt:1)
  A spriggan berserker (Depths:3)
  2 shock serpents (Snake:5)
  5 naga sharpshooters (Snake:5)
  2 deep troll shamans
  5 sun demons
  A soul eater (Tomb:1)
  2 hell knights (Depths:5)
  2 skeletal warriors (Vaults:1)
  An iron troll (Depths:1)
  A salamander mystic (Depths:2)
  3 shadow wraiths
  A storm dragon skeleton (Depths:2)
  A large abomination (Pan)
  2 deep trolls
  2 flayed ghosts
  An anaconda zombie (Crypt:1)
  A quicksilver dragon simulacrum (Abyss:4)
  3 necromancers
  2 naga ritualists
  A hill giant (Vaults:1)
  2 ironbrand convokers
  An anaconda skeleton (Crypt:1)
  A wizard (Vaults:3)
  3 orc knights
  A sphinx zombie (Depths:2)
  A harpy (Vaults:4)
  A frost giant zombie (Depths:3)
  4 ugly things
  A tengu skeleton (Vaults:3)
  3 griffons
  A salamander (Snake:5)
  A frost giant skeleton (Depths:2)
  6 guardian serpents
  2 elf zombies
  A stone giant skeleton (Depths:2)
  4 black mambas
  A torpor snail (Depths:4)
  A cyclops (Vaults:2)
  2 orange demons (Pan)
  4 naga magi (Snake:5)
  3 vault sentinels
  A fire drake (Depths:2)
  7 yaktaurs
  3 freezing wraiths
  4 guardian mummies
  A blue devil (Hell)
  5 two-headed ogres
  2 red devils (Pan)
  2 boulder beetles (Vaults:1)
  A jumping spider (Vaults:4)
  3 slime creatures (Vaults:1)
  A ynoxinul (Tomb:1)
  A fire elemental (Hell)
  A spriggan (Depths:3)
  2 fire bats (Depths:1)
  A neqoxec (Zig:15)
  A water elemental (Hell)
  2 deep elf fighters
  A water moccasin (Snake:5)
  21 nagas
  2 human zombies
  An orc warrior (Vaults:5)
  A swamp drake (Depths:2)
  A snapping turtle zombie (Hell)
  10 ogres
  An elf skeleton (Crypt:2)
  An orc simulacrum (Vaults:2)
  3 killer bees
  4 crimson imps
  A human skeleton (Crypt:2)
  An ogre zombie (Vaults:3)
  9 mummies
  An ufetubus (Pan)
  An orc (Vaults:5)
257 creatures vanquished.

Vanquished Creatures (others)
  An eldritch tentacle (Abyss:4)
  A spellforged servitor (Pan)
  3 very ugly thing zombies
  Josephine (D:15)
  2 ogre magi
  A quicksilver dragon skeleton (Vaults:5)
  A naga warrior (Snake:5)
  An ice dragon (D:15)
  2 human skeletons (Crypt:1)
  A titan zombie (Vaults:5)
  2 storm dragon zombies (Depths:3)
  An anaconda zombie (Snake:5)
  A tengu zombie (Vaults:5)
  2 wolf spider zombies
  3 stone giant zombies
  4 fire giant zombies
  3 sphinx zombies
  A tengu skeleton (Vaults:5)
  7 ugly thing zombies
  A necromancer (Hell)
  A hell hog zombie (Hell)
  11 human zombies
  A sixfirhy (Pan)
  A frost giant zombie (Depths:5)
  An ugly thing (Vaults:5)
  A sphinx skeleton (Tomb:1)
  4 air elementals
  3 shock serpent zombies
  A dire elephant zombie (Depths:2)
  An apocalypse crab (Zig:8)
  2 centaur zombies
  4 drowned souls
  21 yaktaur zombies
  A white draconian zombie (Depths:5)
  A black draconian zombie (Depths:5)
  8 death yak zombies (Depths:5)
  A demonic crawler (Abyss:4)
  An emperor scorpion zombie (Depths:2)
  A purple draconian skeleton (Depths:5)
  A fire drake (Depths:2)
  2 guardian serpent zombies (Snake:5)
  A fire dragon zombie (Depths:3)
  2 catoblepas zombies
  3 fire elementals
  186 fire vortices
  2 two-headed ogres
  2 griffon zombies (Vaults:2)
  A raiju (Abyss:4)
  3 ice dragon zombies
  A stone giant simulacrum (Tomb:3)
  A ynoxinul (Abyss:4)
  A deep troll skeleton (Depths:3)
  4 black mamba zombies
  A deep elf mage (Elf:1)
  A vampire mosquito (Vaults:1)
  6 deep troll zombies
  4 salamander zombies
  A lindwurm zombie (Depths:2)
  A naga skeleton (Snake:4)
  2 ogres (Depths:1)
  A ghost crab zombie (Crypt:2)
  A manticore zombie (Depths:4)
  A black bear (D:9)
  A fire drake zombie (Depths:2)
  4 vampire mosquito zombies
  4 yaktaur skeletons
  3 centaurs
  5 lost souls
  A torpor snail zombie (Depths:4)
  2 boulder beetle zombies (Vaults:1)
  2 warg zombies (Vaults:3)
  7 two-headed ogre zombies
  9 elf zombies
  26 naga zombies
  15 ogre zombies
  4 ogre skeletons
  6 mummies
  4 orange rat zombies (Hell)
  A swamp drake zombie (Depths:2)
  An adder (Lair:2)
  8 orc zombies
  3 orc skeletons (Vaults:5)
  2 white imps (IceCv)
  3 ufetubi (IceCv)
  A hobgoblin (D:8)
  A rat (D:8)
  A ballistomycete (D:11)
  A bush (Lair:8)
  6 butterflies
  48 eldritch tentacle segments (Abyss:4)
  10 fungi
  9 plants
  6 starspawn tentacles
  52 starspawn tentacle segments
  3 tentacles (Shoals:2)
582 creatures vanquished.

Grand Total: 4596 creatures vanquished

Notes
Turn   | Place    | Note
--------------------------------------------------------------
     0 | D:1      | bullock, the Gargoyle Wizard, began the quest for the Orb.
     0 | D:1      | Reached XP level 1. HP: 10/10 MP: 4/4
   201 | D:1      | Reached XP level 2. HP: 13/15 MP: 1/6
   323 | D:1      | Learned a level 2 spell: Blink
   326 | D:1      | Learned a level 2 spell: Repel Missiles
  1089 | D:2      | Reached XP level 3. HP: 19/19 MP: 4/8
  1226 | D:2      | Noticed Ijyb
  1252 | D:2      | Killed Ijyb
  1374 | D:2      | Reached XP level 4. HP: 24/24 MP: 6/10
  2062 | D:3      | Reached skill level 4 in Spellcasting
  2062 | D:3      | Reached XP level 5. HP: 16/28 MP: 0/13
  2403 | D:3      | Found a stormy altar of Qazlal.
  2403 | D:3      | Found a radiant altar of Vehumet.
  2664 | D:4      | Learned a level 3 spell: Conjure Flame
  2668 | D:4      | Learned a level 3 spell: Mephitic Cloud
  3081 | D:4      | Reached XP level 6. HP: 32/32 MP: 9/15
  3201 | D:4      | Found a glowing silver altar of Zin.
  3394 | D:4      | Reached skill level 5 in Conjurations
  3441 | D:4      | Reached skill level 1 in Translocations
  3656 | D:5      | Entered Level 5 of the Dungeon
  3925 | D:5      | Found a basalt altar of Yredelemnul.
  4034 | D:5      | Noticed Edmund
  4043 | D:5      | Killed Edmund
  4043 | D:5      | Reached XP level 7. HP: 33/36 MP: 7/18
  4049 | D:5      | Reached skill level 5 in Spellcasting
  4341 | D:5      | Found a staircase to the Ecumenical Temple.
  4504 | Temple   | Entered the Ecumenical Temple
  4933 | D:3      | Became a worshipper of Vehumet
  5043 | D:5      | Reached skill level 6 in Conjurations
  5083 | D:5      | Reached XP level 8. HP: 41/41 MP: 7/20
  5310 | D:5      | Noticed Crazy Yiuf
  5319 | D:5      | Killed Crazy Yiuf
  5886 | D:6      | Acquired Vehumet's first power
  5886 | D:6      | Offered knowledge of Shock by Vehumet.
  6513 | D:7      | Reached skill level 5 in Translocations
  6615 | D:7      | Found an iron altar of Okawaru.
  6662 | D:7      | Reached skill level 1 in Shields
  7149 | D:7      | Reached skill level 7 in Conjurations
  7672 | D:8      | Reached XP level 9. HP: 40/45 MP: 21/23
  7691 | D:8      | Noticed Maurice
  7708 | D:8      | Killed Maurice
  7822 | D:8      | Noticed Pikel
  7831 | D:8      | Killed Pikel
  7831 | D:8      | Reached skill level 5 in Shields
  8019 | D:8      | Reached skill level 8 in Conjurations
  8177 | D:8      | Offered knowledge of Searing Ray by Vehumet.
  8785 | D:9      | Reached skill level 1 in Fighting
  8789 | D:9      | Learned a level 2 spell: Searing Ray
  8791 | D:9      | Found Sumemunt's Gadget Emporium.
  8822 | D:9      | Found a staircase to the Lair.
  8880 | D:9      | Reached skill level 1 in Evocations
  9142 | D:9      | Reached XP level 10. HP: 40/55 MP: 6/25
 10493 | D:10     | Entered Level 10 of the Dungeon
 10537 | D:10     | Offered knowledge of Inner Flame by Vehumet.
 10711 | D:10     | Noticed a death yak
 10774 | D:10     | Noticed Grum
 10787 | D:10     | Killed Grum
 11073 | D:10     | Reached skill level 5 in Fighting
 11214 | D:10     | Acquired Vehumet's second power
 11233 | D:10     | Reached skill level 9 in Conjurations
 11342 | D:10     | Noticed a hill giant
 11350 | D:10     | Killed a hill giant
 11587 | D:10     | Noticed Harold
 11695 | D:10     | Killed Harold
 11695 | D:10     | Reached XP level 11. HP: 21/66 MP: 14/27
 11881 | D:10     | Offered knowledge of Iskenderun's Mystic Blast by Vehumet.
 11887 | D:10     | Learned a level 4 spell: Iskenderun's Mystic Blast
 11891 | D:10     | Learned a level 3 spell: Regeneration
 12735 | D:10     | Noticed a manticore
 12749 | D:10     | Killed a manticore
 13037 | D:11     | Noticed Gastronok
 13048 | D:11     | Killed Gastronok
 13048 | D:11     | Reached skill level 10 in Conjurations
 13048 | D:11     | Reached skill level 5 in Evocations
 13456 | D:11     | Acquired Vehumet's third power
 13477 | D:11     | Offered knowledge of Iskenderun's Battlesphere by Vehumet.
 13485 | D:11     | Learned a level 5 spell: Iskenderun's Battlesphere
 13608 | D:11     | Noticed Nergalle
 13622 | D:11     | Reached skill level 1 in Charms
 13925 | D:11     | Killed Nergalle
 13925 | D:11     | Offered knowledge of Poisonous Cloud by Vehumet.
 13998 | D:11     | Found a staircase to the Orcish Mines.
 14013 | D:11     | Got a pair of dazzling boots
 14019 | D:11     | Identified the +0 pair of boots of Death's Door {Str+3} (You found it on level 11 of the Dungeon)
 14429 | D:12     | Reached XP level 12. HP: 39/76 MP: 14/29
 14974 | Lair:1   | Entered Level 1 of the Lair of Beasts
 15308 | Lair:1   | Noticed Erica
 15339 | Lair:1   | Killed Erica
 15971 | Lair:1   | Noticed a seven-headed hydra
 15979 | Lair:1   | Killed a seven-headed hydra
 17467 | Lair:3   | Reached skill level 10 in Fighting
 17555 | Lair:3   | Reached skill level 11 in Conjurations
 17555 | Lair:3   | Reached skill level 5 in Charms
 17936 | Lair:3   | Reached skill level 1 in Necromancy
 18338 | Lair:3   | Found a staircase to the Shoals.
 18481 | Lair:3   | Reached XP level 13. HP: 82/82 MP: 24/31
 18969 | Lair:4   | Offered knowledge of Sticky Flame by Vehumet.
 18974 | Lair:4   | Found a frozen archway.
 19107 | IceCv    | Entered an ice cave
 19646 | IceCv    | Reached skill level 10 in Spellcasting
 20700 | IceCv    | Got a scintillating wooden ring
 20706 | IceCv    | Got a crude ice dragon armour
 20717 | IceCv    | Identified the cursed -3 ice dragon armour of Nohypt {rF- rC++ Int+3} (You found it in an ice cave)
 21001 | Lair:4   | Got a vibrating granite ring
 21513 | Lair:4   | Noticed a dire elephant
 21824 | Lair:3   | Offered knowledge of Delayed Fireball by Vehumet.
 23144 | Lair:5   | Found a blossoming altar of Fedhas.
 23197 | Lair:5   | Reached skill level 5 in Necromancy
 24113 | Lair:6   | Reached skill level 12 in Conjurations
 24113 | Lair:6   | Gained mutation: Your wings are large and strong. [gargoyle growth]
 24113 | Lair:6   | Reached XP level 14. HP: 84/88 MP: 21/32
 24541 | Lair:6   | Found a staircase to the Snake Pit.
 24962 | Lair:7   | Offered knowledge of Bolt of Magma by Vehumet.
 25114 | Lair:7   | Got a transparent ring mail
 25115 | Lair:7   | Identified the +1 ring mail of Modesty {rC+ Dex+1} (You found it on level 7 of the Lair of Beasts)
 26529 | Lair:8   | Entered Level 8 of the Lair of Beasts
 26847 | Lair:8   | Got an iridescent dagger
 27342 | Lair:8   | Reached skill level 13 in Conjurations
 27584 | Lair:8   | Offered knowledge of Poison Arrow by Vehumet.
 27584 | Lair:8   | Reached skill level 10 in Evocations
 28083 | Lair:8   | Reached XP level 15. HP: 89/95 MP: 27/34
 28210 | Lair:8   | Found a viscous altar of Jiyva.
 28210 | Lair:8   | Found a staircase to the Slime Pits.
 28210 | Lair:8   | Noticed an acid blob
 28210 | Lair:8   | Noticed an acid blob
 28637 | Lair:8   | Identified the cursed -1 dagger of the Unseen Realm {stab, rPois Str+2} (You found it on level 8 of the Lair of Beasts)
 28639 | Lair:8   | Identified the ring of Nueru {+Inv rN+ Stlth+} (You found it on level 4 of the Lair of Beasts)
 28641 | Lair:8   | Identified the ring of Surprise {rF+ MP+9 SInv} (You found it in an ice cave)
 29462 | D:12     | Noticed a hill giant
 29469 | D:12     | Killed a hill giant
 29563 | D:12     | Got a scintillating garnet amulet
 29588 | D:12     | Found Bofaif's Jewellery Boutique.
 29663 | D:12     | Noticed a fire dragon
 29814 | D:12     | Killed a fire dragon
 29880 | D:12     | Noticed Nessos
 29897 | D:12     | Killed Nessos
 30274 | D:13     | Gained mutation: You can spit poison. [mutagenic meat]
 30275 | D:13     | Gained mutation: You are partially covered in iridescent scales (AC +4). [mutagenic meat]
 30276 | D:13     | Gained mutation: You are resistant to hostile enchantments. [mutagenic meat]
 30714 | D:13     | Found a portal to a secret trove of treasure.
 30891 | D:13     | Offered knowledge of Freezing Cloud by Vehumet.
 30983 | D:13     | Reached skill level 5 in Stealth
 30992 | D:13     | Found a gate to the Vaults.
 31333 | D:13     | Noticed Erolcha
 31342 | D:13     | Killed Erolcha
 31827 | D:14     | Identified the amulet "Rotwa" {Clar Dex+3 Int+3} (You found it on level 12 of the Dungeon)
 31855 | D:14     | Learned a level 4 spell: Control Teleport
 32609 | D:15     | Entered Level 15 of the Dungeon
 32642 | D:15     | Reached skill level 14 in Conjurations
 32662 | D:15     | Gained mutation: You passively map a small area around you. [mutagenic meat]
 32663 | D:15     | Gained mutation: You have a pair of small horns on your head. [mutagenic meat]
 32664 | D:15     | Gained mutation: Your muscles are strong. (Str +2) [mutagenic meat]
 32665 | D:15     | Gained mutation: You have very sharp teeth. [mutagenic meat]
 32666 | D:15     | Gained mutation: You are highly resistant to hostile enchantments. [mutagenic meat]
 32667 | D:15     | Gained mutation: You have a pair of horns on your head. [mutagenic meat]
 33007 | D:15     | Noticed Roxanne
 33135 | D:15     | Killed Roxanne
 33142 | D:15     | Identified Roxanne's Disquisition on the Mutagenic Rocks (You took it off Roxanne on level 15 of the Dungeon)
 33299 | D:15     | Reached XP level 16. HP: 103/103 MP: 35/35
 33310 | D:15     | Noticed Josephine
 33317 | D:15     | Killed Josephine
 33474 | D:15     | Found an ancient bone altar of Kikubaaqudgha.
 33585 | D:15     | Found a staircase to the Depths.
 34050 | Lair:2   | Learned a level 3 spell: Stone Arrow
 34060 | Lair:2   | Learned a level 5 spell: Bolt of Magma
 34064 | Lair:2   | Learned a level 1 spell: Summon Butterflies
 34166 | Orc:1    | Entered Level 1 of the Orcish Mines
 34171 | Orc:1    | Offered knowledge of Iron Shot by Vehumet.
 34604 | Orc:2    | Reached skill level 1 in Earth Magic
 34906 | Orc:3    | Noticed Sonja
 34910 | Orc:3    | Killed Sonja
 34950 | Orc:3    | Found a dark tunnel.
 34955 | Volcano  | Entered a volcano
 34974 | Volcano  | Reached skill level 1 in Fire Magic
 35350 | Orc:3    | Offered knowledge of Lehudib's Crystal Spear by Vehumet.
 35350 | Orc:3    | Offered knowledge of Fire Storm by Vehumet.
 35350 | Orc:3    | Offered knowledge of Glaciate by Vehumet.
 35439 | Orc:3    | Found a staircase to the Elven Halls.
 35564 | Orc:3    | Noticed Fannar
 35570 | Orc:3    | Killed Fannar
 35643 | Orc:3    | Found a bloodstained altar of Trog.
 35877 | Orc:4    | Entered Level 4 of the Orcish Mines
 36202 | Orc:4    | Noticed Donald
 36212 | Orc:4    | Killed Donald
 36691 | Orc:4    | Found a roughly hewn altar of Beogh.
 36715 | Orc:4    | Found Qoboziy's Antique Weapon Shop.
 36948 | Orc:4    | Found Phughutt's General Store.
 37110 | Orc:4    | Found Thapp's Magic Scroll Shop.
 37127 | Orc:4    | Bought a scroll of fog for 30 gold pieces
 37127 | Orc:4    | Bought a scroll of recharging for 142 gold pieces
 37253 | Orc:4    | Found Iqar's General Store.
 37254 | Orc:4    | Reached skill level 5 in Earth Magic
 37779 | Elf:1    | Entered Level 1 of the Elven Halls
 38203 | Elf:1    | Noticed a Brimstone Fiend
 38880 | Elf:1    | Found Komniak's Magic Scroll Emporium.
 39403 | Elf:2    | Found Pnaetsa's Magic Scroll Boutique.
 39411 | Elf:2    | Bought a scroll of acquirement for 676 gold pieces
 39411 | Elf:2    | Bought a scroll of identify for 26 gold pieces
 39411 | Elf:2    | Bought a scroll of identify for 26 gold pieces
 39411 | Elf:2    | Bought a scroll of identify for 26 gold pieces
 39411 | Elf:2    | Bought a scroll of magic mapping for 45 gold pieces
 39411 | Elf:2    | Bought a scroll of magic mapping for 45 gold pieces
 39411 | Elf:2    | Bought a scroll of noise for 13 gold pieces
 39411 | Elf:2    | Bought a scroll of identify for 26 gold pieces
 39411 | Elf:2    | Bought a scroll of immolation for 45 gold pieces
 39667 | Elf:2    | Reached skill level 15 in Conjurations
 39936 | Elf:2    | Got a smelly ring mail
 39937 | Elf:2    | Identified the +2 ring mail "Rontiud" {+Fly Str+3} (You found it on level 2 of the Elven Halls)
 40114 | Elf:2    | Reached XP level 17. HP: 103/108 MP: 9/36
 40246 | Elf:2    | Got a heavily runed jade ring
 40248 | Elf:2    | Identified the ring of Reuleil {rElec rF+ Str+2} (You found it on level 2 of the Elven Halls)
 40591 | Elf:2    | Identified Vehumet's Reference Book on Conjuration
 40698 | Elf:2    | Reached skill level 5 in Fire Magic
 40943 | Elf:3    | Entered Level 3 of the Elven Halls
 41089 | Elf:3    | Noticed Saint Roka
 41878 | Elf:3    | Noticed a deep elf blademaster
 41886 | Elf:3    | Killed a deep elf blademaster
 42195 | Elf:3    | Noticed a Shadow Fiend
 42274 | Elf:3    | Reached skill level 10 in Earth Magic
 42346 | Elf:3    | Got a steaming scimitar
 42347 | Elf:3    | Identified the +7 scimitar of the Hummingbird {speed, +Inv rElec rF++ rN+ Int+2} (You took it off a deep elf demonologist on level 3 of the Elven Halls)
 42536 | Elf:3    | Got a warped lead amulet
 42549 | Elf:3    | Noticed a deep elf blademaster
 42553 | Elf:3    | Killed a deep elf blademaster
 43031 | Elf:3    | Noticed a deep elf master archer
 43039 | Elf:3    | Killed a deep elf master archer
 43361 | Elf:3    | Noticed a deep elf master archer
 43373 | Elf:3    | Killed a deep elf master archer
 43379 | Elf:3    | Reached XP level 18. HP: 110/115 MP: 22/38
 43541 | Elf:3    | Identified Pnikhiog's Handbook of Confrontation and Toxins (You found it on level 3 of the Elven Halls)
 43611 | Elf:3    | Identified the amulet of Esiukeun {rCorr -Tele Int+3 Slay+6} (You took it off a deep elf mage on level 3 of the Elven Halls)
 43634 | Elf:3    | Got a crude helmet
 43636 | Elf:3    | Got a slimy plate armour
 43705 | Elf:3    | Got a smoking ring mail
 43747 | Elf:3    | Got a flickering pewter ring
 43752 | Elf:3    | Got a smoking robe
 43764 | Elf:3    | Identified the +1 robe of the Gastropod {rF++ Stlth++} (You took it off a deep elf summoner on level 3 of the Elven Halls)
 43776 | Elf:3    | Identified the +10 plate armour of Ashenzari's Approval {MR+ Dex+2 Int+3} (You found it on level 3 of the Elven Halls)
 43786 | Elf:3    | Identified the +1 ring mail "Throcvev" {Str+2 Int+2} (You found it on level 3 of the Elven Halls)
 44210 | Elf:3    | Found Egontoal's Gadget Shop.
 44588 | Lair:2   | Got a bloodstained hat
 44599 | Lair:2   | Identified the +0 hat of Compression {MR++ Stlth+} (You acquired it on level 2 of the Lair of Beasts)
 44605 | Lair:2   | Got a slimy cloak
 44616 | Lair:2   | Identified the +0 cloak "Skusid" {+Fly rC+ Dex-1 Slay-3} (You acquired it on level 2 of the Lair of Beasts)
 44679 | Lair:2   | Identified the cursed ring of the Queen {EV-2 Str-1 Int+2} (You took it off a deep elf summoner on level 3 of the Elven Halls)
 44801 | Lair:3   | Learned a level 4 spell: Animate Dead
 44806 | Lair:3   | Got a polished scimitar
 44807 | Lair:3   | Identified the +6 scimitar of Success {holy, rN+ MR+} (You found it on level 3 of the Lair of Beasts)
 44815 | Lair:3   | Got a glittering lapis lazuli ring
 44817 | Lair:3   | Identified the ring of the Traitor {+Rage rElec Slay-4 Stlth-} (You found it on level 3 of the Lair of Beasts)
 44963 | Snake:1  | Entered Level 1 of the Snake Pit
 44998 | Snake:1  | Noticed Frances
 45004 | Snake:1  | Killed Frances
 45155 | Snake:1  | Noticed Louise
 45172 | Snake:1  | Killed Louise
 45294 | Snake:1  | Reached skill level 16 in Conjurations
 46606 | Snake:2  | Found Zunear Raof's Food Shop.
 47182 | Snake:2  | Found Shryppiy's Antique Weapon Shoppe.
 47192 | Snake:2  | Bought a transparent dagger for 210 gold pieces
 47469 | Snake:2  | Found Qaryud's Armour Boutique.
 47490 | Snake:2  | Found Plaw's Book Emporium.
 47494 | Snake:2  | Found a radiant altar of Vehumet.
 47643 | Snake:2  | Found Maetwa's Book Shop.
 47864 | Snake:3  | Learned a level 5 spell: Fireball
 48774 | Snake:4  | Reached XP level 19. HP: 112/122 MP: 14/39
 49087 | Snake:4  | Noticed Vashnia
 49529 | Snake:4  | Killed Vashnia
 50096 | Snake:4  | Got a scintillating jade ring
 50339 | Snake:4  | Noticed Norris
 50352 | Snake:4  | Killed Norris
 50500 | Snake:5  | Entered Level 5 of the Snake Pit
 50597 | Snake:5  | Noticed Wiglaf
 50612 | Snake:5  | Killed Wiglaf
 51143 | Snake:5  | Identified the ring of Harmony {Ice Str-2 Dex-2 Int+4} (You found it on level 4 of the Snake Pit)
 51249 | Snake:5  | Reached skill level 15 in Fighting
 51275 | Snake:5  | Reached skill level 17 in Conjurations
 51287 | Snake:5  | Reached skill level 15 in Spellcasting
 51692 | Snake:5  | Reached XP level 20. HP: 123/129 MP: 40/40
 51904 | Snake:5  | Reached skill level 10 in Fire Magic
 51921 | Snake:5  | Reached skill level 15 in Earth Magic
 52265 | Snake:5  | Got a serpentine rune of Zot
 52416 | Snake:5  | Noticed Aizul
 52444 | Snake:5  | Killed Aizul
 52766 | Lair:4   | Killed a dire elephant
 52776 | Lair:4   | Learned a level 8 spell: Lehudib's Crystal Spear
 52907 | Shoals:1 | Entered Level 1 of the Shoals
 54199 | Shoals:2 | Noticed Jorgrun
 54203 | Shoals:2 | Killed Jorgrun
 55198 | Shoals:2 | Noticed Rupert
 55203 | Shoals:2 | Killed Rupert
 55203 | Shoals:2 | Reached skill level 10 in Shields
 56830 | Shoals:4 | Learned a level 6 spell: Haste
 57815 | Shoals:5 | Entered Level 5 of the Shoals
 57832 | Shoals:5 | Reached XP level 21. HP: 129/135 MP: 40/40
 57867 | Shoals:5 | Identified the Tome of Self-Improvement
 57992 | Shoals:5 | Got a barnacled rune of Zot
 58010 | Shoals:5 | Identified a +0 rod of the swarm (12/12) (You found it on level 5 of the Shoals)
 58122 | Shoals:5 | Noticed Ilsuiw
 58215 | Shoals:5 | Killed Ilsuiw
 60009 | Vaults:1 | Entered Level 1 of the Vaults
 60043 | Vaults:1 | Got a garnet-encrusted ring mail
 60397 | Vaults:1 | Got an uncursed brightly glowing falchion
 60496 | Vaults:1 | Reached skill level 15 in Shields
 60547 | Vaults:1 | Noticed Nikola
 60554 | Vaults:1 | Killed Nikola
 60577 | Vaults:1 | Identified the +1 ring mail "Schanuox" {rPois rF+} (You found it on level 1 of the Vaults)
 60584 | Vaults:1 | Identified the +8 falchion of Welfare {slice, rElec rPois rC- Dex+1} (You took it off a centaur warrior on level 1 of the Vaults)
 61005 | Vaults:1 | Found an iron altar of Okawaru.
 61211 | Vaults:1 | Found Qaonemoo's Food Shoppe.
 61936 | Vaults:2 | Got a transparent silver ring
 61937 | Vaults:2 | Identified the ring "Noareyff" {Str+5 Dex-4 Slay+3} (You found it on level 2 of the Vaults)
 61941 | Vaults:2 | Gained mutation: You are somewhat resistant to further mutation. [potion of beneficial mutation]
 62090 | Vaults:2 | Reached XP level 22. HP: 140/140 MP: 41/41
 62355 | Vaults:2 | Noticed Agnes
 62360 | Vaults:2 | Killed Agnes
 62665 | Vaults:2 | Found a staircase to the Crypt.
 62871 | Vaults:3 | Reached skill level 18 in Shields
 63244 | Vaults:3 | Got an iridescent flail
 63245 | Vaults:3 | Identified the +2 flail "Chemoc" {crush, *Rage Str+2} (You found it on level 3 of the Vaults)
 63281 | Vaults:3 | Found Illalat's Book Shoppe.
 65172 | Vaults:4 | Found Dikoanaups' Food Boutique.
 65807 | Vaults:5 | Entered Level 5 of the Vaults
 65813 | Vaults:5 | Reached XP level 23. HP: 127/147 MP: 42/42
 66338 | Vaults:4 | Reached skill level 19 in Conjurations
 66672 | Vaults:5 | Noticed an ancient lich
 66681 | Vaults:5 | Killed an ancient lich
 66683 | Vaults:5 | Reached XP level 24. HP: 136/156 MP: 21/43
 66810 | Vaults:5 | Got a silver rune of Zot
 66817 | Vaults:5 | Got a shimmering war axe
 66820 | Vaults:5 | Identified the cursed -2 war axe "Veudwunu" {venom, *Tele rElec rF++ rC+ SInv Stlth+} (You found it on level 5 of the Vaults)
 66825 | Vaults:5 | Identified a +7 rod of ignition (11/11) (You took it off an ogre mage on level 5 of the Vaults)
 67615 | Vaults:5 | Found Ahoneh's Antique Armour Shoppe.
 67615 | Vaults:5 | Found Botoeq Vegeck's Gadget Boutique.
 67642 | Vaults:5 | Bought a steaming leather armour for 182 gold pieces
 67642 | Vaults:5 | Bought a pitted cloak for 247 gold pieces
 67642 | Vaults:5 | Bought the +3 hat of Pondering {ponderous, MR+ MP+10 Int+5} for 444 gold pieces
 67653 | Vaults:5 | Identified the +4 cloak of the Sunfish {Slay+3 Curse} (You bought it in a shop on level 5 of the Vaults)
 67663 | Vaults:5 | Identified the +0 leather armour of the Manifold Ships {Str+3 Int+3 Stlth+} (You bought it in a shop on level 5 of the Vaults)
 68744 | Lair:2   | Identified the cursed -1 dagger "Ven Aced" {vamp, MR+ Dex-4 SInv} (You bought it in a shop on level 2 of the Snake Pit)
 68747 | Lair:2   | Identified the cursed -2 helmet of Bro Croff {Dex+3 Int-2} (You found it on level 3 of the Elven Halls)
 68940 | Depths:1 | Entered Level 1 of the Depths
 68999 | Depths:1 | Found a gateway to Hell.
 69004 | Depths:1 | Found Ynwuqip's Book Shoppe.
 69025 | Depths:1 | Found Hatoasyi's Assorted Antiques.
 69078 | Depths:1 | Found Waot's Magic Scroll Emporium.
 69230 | Depths:1 | Found Groemub's Food Emporium.
 69486 | Depths:1 | Bought a scroll of acquirement for 1144 gold pieces
 70366 | Depths:2 | Reached skill level 20 in Conjurations
 70774 | Depths:2 | Got a heavily runed sapphire amulet
 70775 | Depths:2 | Identified the amulet "Thrionurph" {Stasis rElec} (You found it on level 2 of the Depths)
 70783 | Depths:2 | Identified a cursed +6 rod of the swarm (9/9) (You found it on level 2 of the Depths)
 70823 | Depths:2 | Identified a +5 rod of inaccuracy (11/11) (You found it on level 2 of the Depths)
 70879 | Depths:2 | Reached XP level 25. HP: 154/164 MP: 44/44
 71979 | Depths:3 | Noticed Jory
 71990 | Depths:3 | Killed Jory
 72305 | Depths:3 | Found a one-way gate to the infinite horrors of the Abyss.
 72508 | Depths:3 | Found a one-way gate leading to the halls of Pandemonium.
 72813 | Depths:3 | Reached skill level 10 in Charms
 72814 | Depths:3 | Got a faintly humming helmet
 72816 | Depths:3 | Identified the cursed -6 helmet of the Orb Guardian {+Blink +Rage +Inv} (You found it on level 3 of the Depths)
 72827 | Depths:3 | Got a topaz-encrusted chain mail
 72828 | Depths:3 | Identified the cursed +6 chain mail of the Trilobite {rPois Slay+2} (You found it on level 3 of the Depths)
 73525 | Depths:4 | Found a gateway to a ziggurat.
 73707 | Depths:4 | Identified Bluez's Guide on Cold
 73999 | Depths:5 | Entered Level 5 of the Depths
 74033 | Depths:5 | Found Riudosk's Jewellery Shoppe.
 74229 | Depths:5 | Reached XP level 26. HP: 143/172 MP: 10/44
 74379 | Depths:5 | Found a gate to the Realm of Zot.
 74564 | Depths:5 | Found Khoi's General Store.
 75607 | Depths:5 | Learned a level 7 spell: Ring of Flames
 76292 | Crypt:1  | Entered Level 1 of the Crypt
 76475 | Crypt:1  | Noticed Margery
 76476 | Crypt:1  | Reached skill level 1 in Summonings
 76511 | Crypt:1  | Noticed Mennas
 76623 | Vaults:2 | Killed Mennas
 76784 | Crypt:1  | Killed Margery
 77004 | Crypt:1  | Your ally Margery died
 77340 | Crypt:1  | Found a burning altar of Makhleb.
 77818 | Crypt:2  | Found an ancient bone altar of Kikubaaqudgha.
 78056 | Crypt:2  | Reached skill level 5 in Summonings
 78162 | Crypt:2  | Noticed Khufu
 78169 | Crypt:2  | Killed Khufu
 78660 | Crypt:2  | Reached XP level 27. HP: 177/177 MP: 35/45
 78913 | Crypt:3  | Entered Level 3 of the Crypt
 79089 | Crypt:3  | Found a staircase to the Tomb.
 79277 | Crypt:3  | Identified the Guide on Necromancy (You found it on level 3 of the Crypt)
 79894 | Crypt:3  | Found an ancient bone altar of Kikubaaqudgha.
 79894 | Crypt:3  | Noticed an ancient lich
 79900 | Crypt:3  | Killed an ancient lich
 79969 | Crypt:3  | Got a transparent amber ring
 79972 | Crypt:3  | Identified the ring "Chuqajop" {rN+ Str+4 Dex+1 Regen} (You found it on level 3 of the Crypt)
 80542 | Lair:2   | Learned a level 7 spell: Spellforged Servitor
 80785 | Lair:8   | Killed an acid blob
 80786 | Lair:8   | Killed an acid blob
 80807 | Slime:1  | Entered Level 1 of the Pits of Slime
 80956 | Slime:4  | Reached skill level 21 in Conjurations
 81026 | Slime:6  | Entered Level 6 of the Pits of Slime
 81409 | Slime:6  | Noticed the royal jelly
 81557 | Slime:6  | Found a viscous altar of Jiyva.
 81881 | Slime:6  | Killed the royal jelly
 82150 | Slime:6  | Got a sparkling marble ring
 82157 | Slime:6  | Got an ichor-stained scale mail
 82185 | Slime:6  | Got a transparent silver ring
 82190 | Slime:6  | Got an iridescent cutlass
 82251 | Slime:6  | Identified the cursed -3 scale mail "Qybaeblu" {Dex+3 Int+4} (You found it on level 6 of the Pits of Slime)
 82251 | Slime:6  | Identified the +9 cutlass "Hydraslayer" {holy, +Inv Stlth-} (You found it on level 6 of the Pits of Slime)
 82259 | Slime:6  | Identified the ring "Irililabe" {+/*Tele -Cast rC+ Str+2} (You found it on level 6 of the Pits of Slime)
 82261 | Slime:6  | Identified the ring of Faraep {AC+4 Dex+2 Int-3} (You found it on level 6 of the Pits of Slime)
 82299 | Slime:6  | Got a slimy rune of Zot
 83056 | Hell     | Entered the Vestibule of Hell
 83056 | Hell     | Noticed Geryon
 83313 | Depths:1 | Reached skill level 15 in Fire Magic
 83327 | Hell     | Killed Geryon
 83766 | Hell     | Found a gateway to the ashen valley of Gehenna.
 84158 | Hell     | Found a gateway to the freezing wastes of Cocytus.
 84209 | Hell     | Learned a level 9 spell: Fire Storm
 84382 | Hell     | Found a gateway to the decaying netherworld of Tartarus.
 84604 | Hell     | Found a gateway to the Iron City of Dis.
 84812 | D:13     | You paid a toll of 12 scrolls of teleportation to enter a treasure trove
 84813 | Trove    | Entered a treasure trove
 85400 | Tomb:1   | Entered Level 1 of the Tomb of the Ancients
 86679 | Depths:4 | the gateway to a ziggurat was a mimic.
 87423 | Tomb:1   | Got a faintly glowing jade ring
 87976 | Tomb:1   | Reached skill level 22 in Conjurations
 88654 | Tomb:2   | Gained mutation: You are frail (-10% HP). [a Zot trap]
 89676 | Tomb:3   | Entered Level 3 of the Tomb of the Ancients
 89799 | Tomb:3   | Reached skill level 23 in Conjurations
 90316 | Tomb:3   | Got a faintly glowing whip
 90318 | Tomb:3   | Got an ichor-stained dagger
 90319 | Tomb:3   | Identified the +5 whip of Summertime {freeze, +Fly rN+} (You found it on level 3 of the Tomb of the Ancients)
 90320 | Tomb:3   | Identified the +8 dagger of the Solstice {stab, Str+1} (You found it on level 3 of the Tomb of the Ancients)
 90324 | Tomb:3   | Got a bloodstained mace
 90326 | Tomb:3   | Identified the Collected Works on Dislocation
 90329 | Tomb:3   | Learned a level 1 spell: Apportation
 90345 | Tomb:3   | Got a slimy hand axe
 90347 | Tomb:3   | Identified the Almanac of Entrancing Boosts
 90354 | Tomb:3   | Identified Sif Muna's Tome of the Entourage (You found it on level 3 of the Tomb of the Ancients)
 90368 | Tomb:3   | Identified the Reference Book on Evil and Toxins
 90377 | Tomb:3   | Got a dazzling plate armour
 90378 | Tomb:3   | Identified the cursed +8 mace "Xocat" {drain, Int+1} (You found it on level 3 of the Tomb of the Ancients)
 90380 | Tomb:3   | Identified the +7 hand axe of Drought {chop, +Blink Stlth+} (You found it on level 3 of the Tomb of the Ancients)
 90381 | Tomb:3   | Identified the cursed +7 plate armour of Okawaru's Whim {+Inv rPois MR++} (You found it on level 3 of the Tomb of the Ancients)
 90433 | Tomb:3   | Got a transparent chain mail
 90434 | Tomb:3   | Identified the +5 chain mail of Somewhere Else {rN+} (You found it on level 3 of the Tomb of the Ancients)
 90439 | Tomb:3   | Got a distressingly furry leather armour
 90500 | Tomb:3   | Got a golden rune of Zot
 90625 | Tomb:3   | Identified the cursed ring of the Empty Page {+Inv rF-} (You took it off a mummy priest on level 1 of the Tomb of the Ancients)
 90821 | Tomb:3   | Identified the cursed +2 leather armour "Syvin" {+Blink +Fly} (You found it on level 3 of the Tomb of the Ancients)
 92363 | Depths:1 | Got a steaming quarterstaff
 92369 | Depths:1 | Identified the +7 quarterstaff of Oenomania {elec, Str+1} (You found it on level 1 of the Depths)
 92835 | Pan      | Entered Pandemonium
 93227 | Pan      | Found an exit through the horrors of the Abyss.
 94368 | Pan      | Got a wavering garnet amulet
 94570 | Pan      | Noticed Weapeli the pandemonium lord
 94577 | Pan      | Killed Weapeli the pandemonium lord
 94601 | Pan      | Found an exit through the horrors of the Abyss.
 94700 | Pan      | Took an exit into the Abyss.
 94700 | Abyss:1  | Escaped into the Abyss
 94713 | Abyss:1  | Found a corrupted altar of Lugonu.
 94993 | Abyss:4  | Found a corrupted altar of Lugonu.
 95008 | Abyss:4  | Got an ichor-stained morningstar
 95254 | Abyss:4  | Paralysed by accursed screaming for 1 turns
 95330 | Abyss:4  | Found a corrupted altar of Lugonu.
 95361 | Abyss:4  | Got an abyssal rune of Zot
 95362 | Abyss:4  | Found a corrupted altar of Lugonu.
 95455 | Abyss:4  | Noticed an ancient lich
 95460 | Abyss:4  | Killed an ancient lich
 95822 | Abyss:4  | Reached skill level 24 in Conjurations
 95851 | Depths:3 | Escaped the Abyss
 95854 | Depths:3 | Identified the +6 morningstar "Diovoat" {venom, +Fly rN+} (You found it on level 4 of the Abyss)
 95949 | Pan      | Entered Pandemonium
 96092 | Pan      | Found a gateway to a ziggurat.
 96181 | Zig:1    | Entered Level 1 of a ziggurat
 96200 | Zig:1    | Identified the amulet "Plusibof" {Faith rElec Stlth+} (You found it in Pandemonium)
 96204 | Zig:2    | Entered Level 2 of a ziggurat
 96223 | Zig:3    | Entered Level 3 of a ziggurat
 96266 | Zig:4    | Entered Level 4 of a ziggurat
 96299 | Zig:4    | Identified the Almanac of Earthen Conjuration (You found it on level 4 of a ziggurat)
 96313 | Zig:5    | Entered Level 5 of a ziggurat
 96357 | Zig:6    | Entered Level 6 of a ziggurat
 96431 | Zig:6    | Got a warped plate armour
 96444 | Zig:7    | Entered Level 7 of a ziggurat
 96497 | Zig:8    | Entered Level 8 of a ziggurat
 96505 | Zig:8    | Noticed Jefonn the pandemonium lord
 96529 | Zig:8    | Killed Jefonn the pandemonium lord
 96604 | Zig:8    | Identified the +7 plate armour of Liberty {rPois rF+ MR+ SInv} (You found it on level 6 of a ziggurat)
 96618 | Zig:8    | Identified a +4 rod of clouds (9/9) (You found it on level 4 of a ziggurat)
 96624 | Zig:9    | Entered Level 9 of a ziggurat
 96763 | Zig:9    | Got a warped plate armour
 96768 | Zig:9    | Got a heavily runed turquoise ring
 96772 | Zig:9    | Identified the +0 plate armour of the Salamander {Str+3 Int+2} (You found it on level 9 of a ziggurat)
 96778 | Zig:9    | Identified the Disquisition on Stones (You found it on level 9 of a ziggurat)
 96793 | Zig:10   | Entered Level 10 of a ziggurat
 96994 | Zig:11   | Entered Level 11 of a ziggurat
 97581 | Zig:11   | Got a smoking great mace
 97592 | Zig:11   | Got a smoking bone ring
 97612 | Zig:11   | Got a crude pewter ring
 97616 | Zig:11   | Identified the cursed ring of Ugaeriu {+Inv +Fly rC+ Int-2 Slay+5} (You found it on level 9 of a ziggurat)
 97618 | Zig:11   | Identified the ring of Lotebeaq {Str+1 Int-1 Regen} (You found it on level 11 of a ziggurat)
 97620 | Zig:11   | Identified the ring of the Locust {rElec MR+ Stlth--} (You found it on level 11 of a ziggurat)
 97677 | Zig:12   | Entered Level 12 of a ziggurat
 97766 | Zig:12   | Identified the Handbook of Air (You found it on level 12 of a ziggurat)
 97777 | Zig:12   | Got an ancient ring mail
 97791 | Zig:12   | Learned a level 5 spell: Shadow Creatures
 97796 | Zig:13   | Entered Level 13 of a ziggurat
 97967 | Zig:13   | Lost mutation: You are somewhat resistant to further mutation. [mutagenic meat]
 98018 | Zig:13   | Identified the +0 ring mail of the Bard {rN+} (You found it on level 12 of a ziggurat)
 98194 | Zig:14   | Entered Level 14 of a ziggurat
 98205 | Zig:14   | Killed Schakarao the pandemonium lord
 98212 | Zig:14   | Reached skill level 25 in Conjurations
 98322 | Zig:14   | Identified a +3 rod of clouds (11/11) (You found it on level 14 of a ziggurat)
 98354 | Zig:14   | Got a fine scimitar
 98356 | Zig:14   | Identified the +6 scimitar "Tuollyob" {drain, Str-3} (You found it on level 14 of a ziggurat)
 98358 | Zig:14   | Got a bloodstained scimitar
 98359 | Zig:14   | Identified the +4 scimitar "Tateuxko" {speed, *Tele rC+} (You found it on level 14 of a ziggurat)
 98363 | Zig:14   | Got a jewelled large shield
 98374 | Zig:14   | Identified the cursed +8 large shield "Qokhit" {Stlth+} (You found it on level 14 of a ziggurat)
 98386 | Zig:15   | Entered Level 15 of a ziggurat
 98414 | Zig:15   | Reached skill level 10 in Summonings
 98429 | Zig:15   | Lost dexterity.
 98438 | Zig:15   | HP: 4/161 [flayed ghost[a greater mummy] (5)]
 98438 | Zig:15   | Slain by a greater mummy

Action                   |  1- 3 |  4- 6 |  7- 9 | 10-12 | 13-15 | 16-18 | 19-21 | 22-24 | 25-27 || total
-------------------------+-------+-------+-------+-------+-------+-------+-------+-------+-------++-------
Melee: Dagger            |    51 |   182 |     1 |       |       |       |       |       |       ||   234
       Flail             |       |       |   263 |       |       |       |       |       |       ||   263
       Whip              |       |       |   102 |    31 |       |       |       |       |       ||   133
       Hand axe          |       |       |       |   179 |       |       |       |       |       ||   179
       Long sword        |       |       |       |   418 |       |       |       |       |       ||   418
       Trident           |       |       |       |    22 |  1190 |   444 |       |       |       ||  1656
       Quick blade       |       |       |       |       |    67 |       |       |       |       ||    67
       Scimitar          |       |       |       |       |       |   229 |   882 |   682 |  2322 ||  4115
       Unarmed           |       |       |       |       |       |       |     5 |       |     1 ||     6
       Mace              |       |       |       |       |       |       |       |       |     3 ||     3
Throw: Throwing net      |       |     2 |       |       |       |       |       |       |       ||     2
 Cast: Magic Dart        |    58 |   123 |   217 |   313 |   460 |     3 |       |       |       ||  1174
       Repel Missiles    |     1 |     1 |     2 |     5 |     1 |     6 |     4 |     4 |     5 ||    29
       Mephitic Cloud    |       |     4 |    21 |    64 |    40 |     9 |     2 |       |       ||   140
       Conjure Flame     |       |     5 |    10 |    52 |    79 |     9 |     1 |       |     1 ||   157
       Blink             |       |       |     5 |    39 |    72 |    11 |    18 |    14 |    27 ||   186
       Searing Ray       |       |       |     6 |    46 |    15 |       |       |       |       ||    67
       Iskenderun's Myst |       |       |       |    31 |   214 |   142 |       |       |       ||   387
       Regeneration      |       |       |       |     1 |     6 |       |     9 |     4 |    31 ||    51
       Iskenderun's Batt |       |       |       |       |    80 |    59 |    15 |       |       ||   154
       Stone Arrow       |       |       |       |       |       |   374 |    91 |     3 |       ||   468
       Bolt of Magma     |       |       |       |       |       |   207 |   223 |   257 |   374 ||  1061
       Summon Butterflie |       |       |       |       |       |     1 |     1 |       |       ||     2
       Fireball          |       |       |       |       |       |     9 |   132 |    97 |    66 ||   304
       Animate Dead      |       |       |       |       |       |     1 |    30 |    54 |    44 ||   129
       Lehudib's Crystal |       |       |       |       |       |       |    12 |    15 |   267 ||   294
       Haste             |       |       |       |       |       |       |       |     2 |    24 ||    26
       Control Teleport  |       |       |       |       |       |       |       |     1 |     2 ||     3
       Ring of Flames    |       |       |       |       |       |       |       |       |    73 ||    73
       Fire Storm        |       |       |       |       |       |       |       |       |    85 ||    85
       Apportation       |       |       |       |       |       |       |       |       |     3 ||     3
       Spellforged Servi |       |       |       |       |       |       |       |       |     3 ||     3
 Abil: Fly               |       |       |       |       |     1 |       |       |       |     1 ||     2
       Evoke Jump Attack |       |       |       |       |       |       |       |     1 |       ||     1
       Stop Flying       |       |       |       |       |       |       |       |       |     2 ||     2
       Evoke Invisibilit |       |       |       |       |       |       |       |       |     1 ||     1
Evoke: Wand              |       |       |     3 |     4 |    30 |    10 |     6 |     5 |    24 ||    82
       Disc of storms    |       |       |       |       |       |       |     2 |     2 |     7 ||    11
       Rod               |       |       |       |       |       |       |     1 |     1 |       ||     2
       Fan of gales      |       |       |       |       |       |       |       |       |     5 ||     5
       Lamp of fire      |       |       |       |       |       |       |       |       |     8 ||     8
  Use: Scroll            |       |       |     6 |    13 |     9 |    18 |    17 |    17 |    44 ||   124
       Potion            |       |       |     1 |       |       |       |     2 |     2 |    12 ||    17
 Stab: Sleeping          |       |     1 |     1 |       |     4 |     9 |     9 |    10 |     7 ||    41
       Confused          |       |       |     4 |    11 |    16 |       |       |       |       ||    31
       Distracted        |       |       |       |       |     1 |     1 |     2 |     5 |     6 ||    15
       Petrified         |       |       |       |       |     1 |       |       |       |       ||     1
  Eat: Chunk             |     1 |     3 |    15 |    27 |    46 |    47 |    45 |    32 |    76 ||   292
       Meat ration       |       |     1 |       |     1 |     3 |       |       |       |     3 ||     8
       Pizza             |       |       |     2 |       |       |       |     1 |     1 |     2 ||     6
       Fruit             |       |       |       |     1 |     1 |     1 |       |       |     9 ||    12
       Beef jerky        |       |       |       |       |     2 |       |     2 |     1 |     3 ||     8
       Bread ration      |       |       |       |       |       |     1 |       |       |    21 ||    22
       Royal jelly       |       |       |       |       |       |       |       |       |     2 ||     2
